 Dungeon Crawl Stone Soup version 0.30-a0-919-g9323dee000 (webtiles) character file.

Game seed: 11288514421418147168

215 Aequonox the Digger (level 5, -3/28 HPs)
             Began as a Gargoyle Earth Elementalist on Mar 21, 2023.
             Was a Believer of Wu Jian.
             Slain by an iguana (7 damage)
             ... on level 3 of the Dungeon.
             The game lasted 00:05:01 (2963 turns).

Aequonox the Digger (Gargoyle Earth Elementalist)   Turns: 2963, Time: 00:05:02

Health: -3/28      AC: 16    Str: 12    XL:     5   Next: 92%
Magic:  1/9        EV: 10    Int: 17    God:    Wu Jian [**....]
Gold:   126        SH:  0    Dex: 10    Spells: 9/10 levels left

rFire   . . .      SeeInvis .    (no weapon)
rCold   + . .      Faith    .    (no shield)
rNeg    + + .      Spirit   .    s - +4 ring mail
rPois   ∞          Reflect  .    (no helmet)
rElec   +          Rampage  +    (no cloak)
rCorr   .                        (no gloves)
Will    .....                    c - +2 pair of boots {rampage}
Stlth   +                        (no amulet)
HPRegen 0.24/turn                q - ring of protection from cold
MPRegen 0.11/turn                f - ring of positive energy

@: no status effects
A: sickness immunity, AC +4, negative energy resistance 1, electricity
resistance, torment resistance 1, petrification resistance
a: Renounce Religion, Wall Jump


You were on level 3 of the Dungeon.
You worshipped Wu Jian.
Wu Jian was pleased with you.
You visited 1 branch of the dungeon, and saw 4 of its levels.

You collected 126 gold pieces.

Inventory:

Armour
 c - a +2 pair of boots of rampaging (worn)
 s - a +4 ring mail (worn)
Jewellery
 f - a ring of positive energy (right hand)
 h - a ring of ice
 i - a ring of fire
 q - a ring of protection from cold (left hand)
 r - a ring of protection from fire
Scrolls
 a - a scroll of silence {unknown}
 d - a scroll of acquirement {unknown}
 e - 2 scrolls of magic mapping {unknown}
 g - a scroll of immolation {unknown}
 j - a scroll of fog {unknown}
 l - a scroll of torment {unknown}
 m - a scroll of fear {unknown}
 n - a scroll of blinking {unknown}
 p - 3 scrolls of identify {unknown}
 t - a scroll of enchant weapon {unknown}
Potions
 b - a potion of magic
 k - a potion of flight {unknown}
 o - a potion of ambrosia {unknown}


   Skills:
 + Level 2.8 Dodging
 - Level 3.0 Stealth
 + Level 3.2 Spellcasting
 - Level 1.4 Transmutations
 + Level 5.0 Earth Magic


You had 9 spell levels left.
You knew the following spells:

 Your Spells              Type           Power      Damage    Failure   Level
a - Sandblast             Erth           38%        2d10      4%          1

Your spell library contained the following spells:

 Spells                   Type           Power      Damage    Failure   Level
 Passwall                 Tmut/Erth      10%        N/A       16%         2
 Slow                     Hex            8%         N/A       36%         1
 Stone Arrow              Conj/Erth      22%        3d8       38%         3
 Petrify                  Tmut/Erth      13%        N/A       71%         4
 Confusing Touch          Hex            2%         N/A       75%         3
 Vampiric Draining        Necr           2%         2d6       75%         3


Dungeon Overview and Level Annotations

Branches:
Dungeon (4/15)
 Temple: D:4-7

Altars:
Fedhas
Wu Jian


Innate Abilities, Weirdness & Mutations

You are immune to sickness and miasma.
Your stone body is resilient. (AC +4)
You are immune to poison.
You resist negative energy. (rN+)
You are resistant to electric shocks. (rElec)
You are resistant to unholy torment.
You are immune to petrification.


Message History

The iguana is severely wounded.
The iguana closely misses you.
You closely miss the iguana.
The iguana is severely wounded.
The iguana bites you!
You closely miss the iguana.
The iguana is severely wounded.
The iguana bites you but does no damage.
You closely miss the iguana.
The iguana is severely wounded.
The iguana bites you!
You closely miss the iguana.
The iguana is severely wounded.
The iguana completely misses you.
You closely miss the iguana.
The iguana is severely wounded.
The iguana bites you but does no damage.
You closely miss the iguana.
The iguana is severely wounded.
The iguana bites you but does no damage.
You are too injured to fight recklessly!
You are too injured to fight recklessly!
You are too injured to fight recklessly!
You hit the iguana but do no damage.
The iguana is severely wounded.
The iguana closely misses you.
You are too injured to fight recklessly!
You barely miss the iguana.
The iguana is severely wounded.
The iguana bites you.
You are too injured to fight recklessly!
You hit the iguana but do no damage.
The iguana is severely wounded.
The iguana bites you!
* * * LOW HITPOINT WARNING * * *
You are too injured to fight recklessly!
You hit the iguana.
The iguana is almost dead.
The iguana bites you!
You die...

#...##
#.##.#~~~.~~~###
#.#..#####
#.##.#~~~.~~~#
#.##.....#
#.#..##~~.~~##
#.######.#
#.#...###'### #.#
#.## #.#.#.....# #.#
#..###.#.####### #.#
####..##.#.#
####.####....)...l.#
.......##.......@###
....)..##.......##
...[...##.......#
.......##.......#
.......##.......#
.......##....####
#########....#
#....# ♣♣♣♣♣ #.)..#
♣♣...♣♣


You could see an iguana.

Vanquished Creatures
  An iguana (D:4)
  Natasha (thrice) (D:2)
  4 adders
  A worm (D:2)
  A dart slug (D:2)
  9 endoplasms
  5 giant cockroaches
  5 hobgoblins
  7 jackals
  4 quokkas
  7 ball pythons
  8 bats
  2 frilled lizards
  7 goblins
  4 kobolds
  4 rats
72 creatures vanquished.

Notes
Turn   | Place    | Note
-------+----------+-------------------------------------------
     0 | D:1      | Aequonox the Gargoyle Earth Elementalist began the quest
                  | for the Orb.
     0 | D:1      | Reached XP level 1. HP: 10/10 MP: 3/3
   133 | D:1      | Reached skill level 1 in Transmutations
   133 | D:1      | Reached XP level 2. HP: 15/15 MP: 3/5
   419 | D:1      | Reached XP level 3. HP: 19/19 MP: 2/6
   614 | D:1      | Found a faded altar of an unknown god.
   620 | D:1      | Reached skill level 4 in Earth Magic
   639 | D:1      | Prayed at the altar of an unknown god.
   639 | D:1      | Became a worshipper of the Wu Jian Council
   639 | D:1      | Reached * piety under Wu Jian
   905 | D:2      | Noticed Natasha
   915 | D:2      | Killed Natasha
   916 | D:2      | Reached XP level 4. HP: 17/24 MP: 1/7
  1217 | D:2      | Noticed Natasha
  1220 | D:2      | Killed Natasha
  1336 | D:2      | Noticed Natasha
  1343 | D:2      | Killed Natasha
  1344 | D:2      | Reached XP level 5. HP: 18/28 MP: 5/9
  2335 | D:3      | Reached ** piety under Wu Jian
  2838 | D:3      | Found a blossoming altar of Fedhas.
  2901 | D:4      | Reached skill level 5 in Earth Magic
  2963 | D:3      | Slain by an iguana

Illustrated notes

Levels and vault maps discovered:
D:1:      wander_arrival_desolate, layout_rooms,
          ebering_ecumenical_altar_petrified, minmay_tetromino_i4
D:2:      layout_basic, uniq_natasha
D:3:      layout_basic, fedhas_altar_fruit_tree, kennysheep_flooded_box,
          minmay_misc_feat_alley
D:4:      layout_loops_ring, cheibriados_altar_1

Skill      XL: |  1  2  3  4  5 |
---------------+----------------+-----
Transmutations | 1 |  1.4
Dodging        | 2 |  2.8
Earth Magic    | 4 5 |  5.0
Stealth        | 3 |  3.0
Spellcasting   | 3 |  3.2

Action                     |  1- 3 |  4- 6 || total
---------------------------+-------+-------++-------
  Melee: Unarmed           |    60 |    17 ||    77
         Punch             |     1 |       ||     1
   Cast: Sandblast         |    57 |    57 ||   114
Ability: Whirlwind         |     1 |       ||     1
 Armour: Robe              |    39 |     2 ||    41
         Ring mail         |       |    17 ||    17
  Dodge: Dodged            |    60 |    26 ||    86

Table legend: (Time is in decaauts)
 A = Elapsed time spent in this place.
 B = Non-inter-level travel time spent in this place.
 C = Inter-level travel time spent in this place.
 D = Time resting spent in this place.
 E = Time spent auto-exploring this place.
 F = Levels seen in this place.
 G = Mean time per level.
                   A        B        C        D        E       F      G
               +--------+--------+--------+--------+--------+-----+--------+
         Total |   3029 |   2872 |    157 |      0 |   2389 |   4 |  757.2 |
       Dungeon |   3029 |   2872 |    157 |      0 |   2389 |   4 |  757.2 |
               +--------+--------+--------+--------+--------+-----+--------+

Top non-repeatable levels by time:
     D:2: 1216 daAuts
     D:1: 883 daAuts
     D:3: 862 daAuts
     D:4: 66 daAuts
